Sharks vs Ice Hogs

Created - Sunday, January 04, 2015 at 02:25

Goals
1 2 3 T
Sharks 0 1 0 1
Ice Hogs 7 5 0 12
Shots
1 2 3 T
Sharks 7 9 6 22
Ice Hogs 9 7 11 27

1st period

1. Ice Hogs , Travis Morin 22 (Jason Garrison, Casey Wellman) at 2:14 (PP)
2. Ice Hogs , Derek Roy 12 (Casey Wellman, Dustin Jeffrey) at 6:42
3. Ice Hogs , Dan DaSilva 3 (Travis Morin, Zach Redmond) at 9:26
4. Ice Hogs , Brandon Pirri 24 (J.T. Miller, Tanner Pearson) at 16:06 (PP)
5. Ice Hogs , Derek Roy 13 (Travis Morin, Dylan Olsen) at 17:12 (PP)
6. Ice Hogs , Derek Roy 14 (Casey Wellman) at 17:50 (PP)
7. Ice Hogs , Tanner Pearson 9 (Brandon Pirri, J.T. Miller) at 18:10 (PP)

Penalties :
Xavier Ouellet (WOR) for Diving (Minor) at 0:43, Zach Redmond (RIH) for Fighting (Major) at 2:46, Joey Mormina (WOR) for Fighting (Major) at 2:46, Travis Morin (RIH) for Tripping (Minor) at 12:05, Farm Player14 (WOR) for Attempt to injure (Major / Game Misconduct) at 15:04

2nd period

8. Sharks , Mark Barberio 23 (Mike Halmo, Louis Leblanc) at 3:26
9. Ice Hogs , J.T. Miller 8 (Brandon Pirri, Jason Garrison) at 3:51
10. Ice Hogs , Brandon Pirri 25 (J.T. Miller) at 6:44
11. Ice Hogs , Brandon Pirri 26 (J.T. Miller, Zach Redmond) at 14:06
12. Ice Hogs , Brandon Pirri 27 (Tanner Pearson, J.T. Miller) at 14:29
13. Ice Hogs , J.T. Miller 9 (Brandon Pirri) at 14:59 (PP)

Penalties :
Travis Morin (RIH) for Fighting (Major) at 5:20, Michael Latta (WOR) for Fighting (Major) at 5:20, Seth Griffith (RIH) for Holding (Minor) at 11:15, Dan DaSilva (RIH) for Fighting (Major) at 14:09, Ryan Hamilton (WOR) for Fighting (Major) at 14:09, Andy Andreoff (WOR) for Holding (Minor) at 14:32, Brandon Gormley (RIH) for Roughing (Minor) at 19:30

3rd period

No Goal

Penalties :
Chay Genoway (RIH) for Hooking (Minor) at 2:16

Goalie Stats

Farm Player76 (WOR), 15 saves from 23 shots - (0.652), L, 0-3-0, 52:15 minutes
Farm Player95 (WOR), 0 saves from 4 shots - (0.000), 7:45 minutes
Scott Darling (RIH), 21 saves from 22 shots - (0.955), W, 35-1-5, 60:00 minutes

Players Stats for Sharks

Player Name              G  A  P  +/- PIM S  H  SB GA TA FO     MP     PP MP  PK MP  
------------------------------------------------------------------------------------
Andy Andreoff            0  0  0  -1  2   1  2  1  1  0  3/10   14:35   0:10   0:00 
Brendan Mikkelson        0  0  0  -4  0   2  1  4  2  2  0/0    26:44   4:51   4:03 
David van der Gulik      0  0  0  -1  0   2  1  1  5  0  0/1    20:06   4:16   2:04 
Dominik Uher             0  0  0  -1  0   0  0  1  1  0  8/13   16:13   3:38   0:00 
Eric Selleck             0  0  0   0  0   0  0  0  0  0  0/0     2:49   0:00   0:23 
Farm Player14            0  0  0   0  15  0  0  0  0  0  0/0     4:34   0:00   0:00 
Joey Mormina             0  0  0  -1  5   0  0  2  0  2  0/0    12:52   0:00   0:00 
John Kurtz               0  0  0  -2  0   1  1  1  0  0  1/1     7:33   0:00   0:00 
Louis Leblanc            0  1  1  -2  0   3  2  0  4  1  0/2    18:52   3:28   0:00 
Marek Hrivik             0  0  0  -1  0   0  1  0  1  1  1/2    15:28   0:00   0:00 
Mark Barberio            1  0  1   0  0   9  0  2  0  0  0/0    20:28   3:03   2:54 
Michael Latta            0  0  0  -1  5   1  4  4  1  1  5/15   18:13   4:16   4:30 
Mike Halmo               0  1  1  -1  0   2  4  1  2  1  0/0    18:17   3:38   2:04 
Patrick McNeill          0  0  0   0  0   0  3  1  0  1  0/0    20:28   3:03   2:54 
Ryan Hamilton            0  0  0  -2  5   0  0  1  0  0  1/2    10:21   0:00   0:23 
Tom Kostopoulos          0  0  0  -3  0   1  0  0  0  3  2/9    25:45   4:16   4:30 
Wade Brookbank           0  0  0  -1  0   0  0  0  0  1  0/0    13:27   0:00   0:00 
Xavier Ouellet           0  0  0  -4  2   0  1  1  0  1  0/0    26:02   4:51   4:03 

Players Stats for Ice Hogs

Player Name              G  A  P  +/- PIM S  H  SB GA TA FO     MP     PP MP  PK MP  
------------------------------------------------------------------------------------
Brandon Gormley          0  0  0   3  2   0  2  1  0  2  0/0    20:36   3:36   0:00 
Brandon Pirri            4  3  7   4  0   4  2  0  4  0  11/18  18:38   3:29   0:00 
Casey Wellman            0  3  3   0  0   1  2  0  2  0  1/1    16:27   3:28   1:54 
Chay Genoway             0  0  0   2  2   0  0  0  0  0  0/0    24:16   3:21   2:33 
Dan DaSilva              1  0  1   1  5   1  1  0  0  0  0/0     8:51   0:00   0:00 
Derek Roy                3  0  3   0  0   4  3  0  2  0  4/5    15:34   3:28   0:00 
Dustin Jeffrey           0  1  1   0  0   4  0  0  0  0  0/1    11:28   0:00   0:00 
Dylan Olsen              0  1  1   1  0   3  2  2  0  2  0/0    17:12   3:36   3:35 
J.T. Miller              2  5  7   4  0   2  2  0  1  0  1/2    16:16   3:29   0:00 
Jason Garrison           0  2  2   2  0   1  0  1  2  1  0/0    26:50   3:21   4:31 
Jean-Philippe Cote       0  0  0   0  0   0  1  1  0  1  0/0    11:22   0:00   3:23 
Johan Larsson            0  0  0   0  0   1  2  1  3  1  5/10   15:34   0:00   4:11 
Peter LeBlanc            0  0  0   1  0   0  1  0  0  0  0/1     9:57   0:00   0:00 
Roman Horak              0  0  0   0  0   3  3  2  1  1  2/2    16:46   0:00   4:16 
Seth Griffith            0  0  0   0  2   0  0  0  0  0  0/1    15:33   0:00   2:48 
Tanner Pearson           1  2  3   4  0   1  2  0  1  1  1/1    16:58   3:29   0:00 
Travis Morin             1  2  3   1  7   2  1  1  2  0  9/13   16:16   3:28   2:39 
Zach Redmond             0  2  2   2  5   0  0  1  0  1  0/0    13:15   0:00   1:46 

3 Stars

1 - Brandon Pirri (RIH)
2 - J.T. Miller (RIH)
3 - Derek Roy (RIH)

Power Play

Sharks - 0 on 4 Attempt(s) - 0.00%
Ice Hogs - 6 on 7 Attempt(s) - 85.71%

Penalty Kill

Sharks - 1 on 7 Attempt(s) - 14.29% - Score 0 goal in Penalty Kill
Ice Hogs - 4 on 4 Attempt(s) - 100.00% - Score 0 goal in Penalty Kill

Team Stat

Sharks - Hits : 20 - Faceoff Wins : 21 - Blocked Shots : 20 - Penalty Minutes : 34
Ice Hogs - Hits : 24 - Faceoff Wins : 34 - Blocked Shots : 10 - Penalty Minutes : 23

Official

Referees : Unknown
Linesman : Unknown

Game Notes

Zach Redmond beats up Joey Mormina at 2:46 of 1st period
Farm Player14 ejected from game at 15:04 of 1st period
Farm Player95 enters game at 16:06 of 1st period
Derek Roy has scored a Hat Trick!
Farm Player76 enters game at 3:51 of 2nd period
Travis Morin and Michael Latta fight to a draw at 5:20 of 2nd period
Brandon Pirri has scored a Hat Trick!
Dan DaSilva beats up Ryan Hamilton at 14:09 of 2nd period
Jean-Philippe Cote is injured at 1:22 of 3rd period (Sprained Right Ankle)
Dylan Olsen is injured at 2:29 of 3rd period (Sprained Right Knee)

Finance

Level 1 -- Attendance: 1464 (73.20%) -- Ticket Income $51,240
Level 2 -- Attendance: 735 (73.50%) -- Ticket Income $11,025
Total Attendance: 2199 (73.30%)
Total Ticket Income: $62,265
Other Income: $30,510
Total Income: $92,775

Sharks

5 vs 5 Forward 
   Center                   Left Wing                Right Wing               Time % Phy DF OF 
 1 Michael Latta            David van der Gulik      Tom Kostopoulos          35     1   2  2  
 2 Dominik Uher             Mike Halmo               Louis Leblanc            30     1   2  2  
 3 Andy Andreoff            Marek Hrivik             Farm Player14            22     1   2  2  
 4 Tom Kostopoulos          Ryan Hamilton            John Kurtz               13     1   2  2  

5 vs 5 Defense 
   Defense                  Defense                                           Time % Phy DF OF 
 1 Brendan Mikkelson        Xavier Ouellet                                    35     1   2  2  
 2 Mark Barberio            Patrick McNeill                                   30     1   2  2  
 3 Wade Brookbank           Joey Mormina                                      22     1   2  2  
 4 Brendan Mikkelson        Xavier Ouellet                                    13     1   2  2  

PowerPlay Forward 
   Center                   Left Wing                Right Wing               Time % Phy DF OF 
 1 Michael Latta            David van der Gulik      Tom Kostopoulos          60     1   2  2  
 2 Dominik Uher             Mike Halmo               Louis Leblanc            40     1   2  2  

PowerPlay Defense
   Defense                  Defense                                           Time % Phy DF OF 
 1 Brendan Mikkelson        Xavier Ouellet                                    60     1   2  2  
 2 Mark Barberio            Patrick McNeill                                   40     1   2  2  

Penalty Kill 4 Players Forward 
   Center                   Wing                     Time % Phy DF OF 
 1 Tom Kostopoulos          Michael Latta            60     1   2  2  
 2 David van der Gulik      Mike Halmo               40     1   2  2  

Penalty Kill 4 Players Defense
   Defense                  Defense                  Time % Phy DF OF 
 1 Brendan Mikkelson        Xavier Ouellet           60     1   2  2  
 2 Mark Barberio            Patrick McNeill          40     1   2  2  

Penalty Kill - 3 Players Forward 
   Forward                                           Time % Phy DF OF 
 1 Tom Kostopoulos                                   60     1   2  2  
 2 Michael Latta                                     40     1   2  2  

Penalty Kill - 3 Players Defense
   Defense                  Defense                  Time % Phy DF OF 
 1 Brendan Mikkelson        Xavier Ouellet           60     1   2  2  
 2 Mark Barberio            Patrick McNeill          40     1   2  2  

4 vs 4 Forward 
   Center                   Wing                     Time % Phy DF OF 
 1 Tom Kostopoulos          Michael Latta            60     1   2  2  
 2 David van der Gulik      Mike Halmo               40     1   2  2  

4 vs 4 Defense
   Defense                  Defense                  Time % Phy DF OF 
 1 Brendan Mikkelson        Xavier Ouellet           60     1   2  2  
 2 Mark Barberio            Patrick McNeill          40     1   2  2  

Last Minutes Offensive
   Center                   Left Wing                Right Wing               Defense                  Defense                  
   Michael Latta            David van der Gulik      Tom Kostopoulos          Brendan Mikkelson        Xavier Ouellet           

Last Minutes Defensive
   Center                   Left Wing                Right Wing               Defense                  Defense                  
   Michael Latta            David van der Gulik      Tom Kostopoulos          Brendan Mikkelson        Xavier Ouellet           

Goaltenders
Starting : Farm Player76            
Backup : Farm Player95            

Extra Forwards
Normal : Marek Hrivik, Andy Andreoff, Ryan Hamilton - PP : Marek Hrivik, Andy Andreoff - PK : Ryan Hamilton
Extra Defensemen
Normal : Wade Brookbank, Joey Mormina, Farm Player14 - PP : Wade Brookbank - PK : Joey Mormina, Farm Player14
Penalty Shots
Tom Kostopoulos, Michael Latta, David van der Gulik, Mike Halmo, Dominik Uher

Ice Hogs

5 vs 5 Forward 
   Center                   Left Wing                Right Wing               Time % Phy DF OF 
 1 Brandon Pirri            Tanner Pearson           J.T. Miller              30     0   2  3  
 2 Derek Roy                Dustin Jeffrey           Casey Wellman            25     0   2  3  
 3 Johan Larsson            Roman Horak              Seth Griffith            25     1   2  2  
 4 Travis Morin             Peter LeBlanc            Dan DaSilva              20     1   2  2  

5 vs 5 Defense 
   Defense                  Defense                                           Time % Phy DF OF 
 1 Jason Garrison           Chay Genoway                                      30     1   2  2  
 2 Dylan Olsen              Jean-Philippe Cote                                30     1   2  2  
 3 Zach Redmond             Brandon Gormley                                   30     1   2  2  
 4 Jason Garrison           Chay Genoway                                      10     1   2  2  

PowerPlay Forward 
   Center                   Left Wing                Right Wing               Time % Phy DF OF 
 1 Brandon Pirri            Tanner Pearson           J.T. Miller              50     0   1  4  
 2 Travis Morin             Derek Roy                Casey Wellman            50     0   1  4  

PowerPlay Defense
   Defense                  Defense                                           Time % Phy DF OF 
 1 Jason Garrison           Chay Genoway                                      50     0   1  4  
 2 Dylan Olsen              Brandon Gormley                                   50     0   1  4  

Penalty Kill 4 Players Forward 
   Center                   Wing                     Time % Phy DF OF 
 1 Johan Larsson            Roman Horak              50     1   3  1  
 2 Travis Morin             Seth Griffith            50     1   3  1  

Penalty Kill 4 Players Defense
   Defense                  Defense                  Time % Phy DF OF 
 1 Jason Garrison           Chay Genoway             50     1   4  0  
 2 Dylan Olsen              Jean-Philippe Cote       50     1   4  0  

Penalty Kill - 3 Players Forward 
   Forward                                           Time % Phy DF OF 
 1 Johan Larsson                                     50     1   4  0  
 2 Travis Morin                                      50     1   4  0  

Penalty Kill - 3 Players Defense
   Defense                  Defense                  Time % Phy DF OF 
 1 Jason Garrison           Chay Genoway             50     1   4  0  
 2 Dylan Olsen              Jean-Philippe Cote       50     1   4  0  

4 vs 4 Forward 
   Center                   Wing                     Time % Phy DF OF 
 1 Travis Morin             Seth Griffith            50     1   2  2  
 2 Derek Roy                Casey Wellman            50     1   2  2  

4 vs 4 Defense
   Defense                  Defense                  Time % Phy DF OF 
 1 Dylan Olsen              Jean-Philippe Cote       50     1   2  2  
 2 Zach Redmond             Brandon Gormley          50     1   2  2  

Last Minutes Offensive
   Center                   Left Wing                Right Wing               Defense                  Defense                  
   Brandon Pirri            Derek Roy                J.T. Miller              Jason Garrison           Chay Genoway             

Last Minutes Defensive
   Center                   Left Wing                Right Wing               Defense                  Defense                  
   Johan Larsson            Roman Horak              Seth Griffith            Jason Garrison           Dylan Olsen              

Goaltenders
Starting : Scott Darling            
Backup : Farm Player86            

Extra Forwards
Normal : Travis Morin, Brandon Pirri, Seth Griffith - PP : Travis Morin, Seth Griffith - PK : Casey Wellman
Extra Defensemen
Normal : Dylan Olsen, Brandon Gormley, Jason Garrison - PP : Jean-Philippe Cote - PK : Dylan Olsen, Chay Genoway
Penalty Shots
Casey Wellman, Derek Roy, Travis Morin, Roman Horak, Brandon Pirri

% Time on Ice - Sharks

Lines # - Real PCT - Wanted PCT - Time Play
Normal Forward
1 - 24% - 35% - 10:47
2 - 28% - 30% - 12:35
3 - 31% - 22% - 14:12
4 - 17% - 13% - 7:33
Normal Defense
1 - 34% - 35% - 15:12
2 - 32% - 30% - 14:31
3 - 30% - 22% - 13:27
4 - 4% - 13% - 1:57
PP Forward
1 - 54% - 60% - 4:16
2 - 46% - 40% - 3:40
PP Defense
1 - 61% - 60% - 4:51
2 - 39% - 40% - 3:05
PK Forward
1 - 70% - 60% - 4:53
2 - 30% - 40% - 2:04
PK Defense
1 - 58% - 60% - 4:03
2 - 42% - 40% - 2:54
PK3 Forward
1 - 0% - 60%
2 - 0% - 40%
PK3 Defense
1 - 0% - 60%
2 - 0% - 40%
44 Forward
1 - 0% - 60%
2 - 0% - 40%
44 Defense
1 - 0% - 60%
2 - 0% - 40%
Last Minute Offensive  - 0:00
Last Minute Defensive  - 0:00
Total
Forward - 60:00
Defense - 60:00

% Time on Ice - Ice Hogs

Lines # - Real PCT - Wanted PCT - Time Play
Normal Forward
1 - 29% - 30% - 13:12
2 - 27% - 25% - 12:22
3 - 21% - 25% - 9:36
4 - 22% - 20% - 9:57
Normal Defense
1 - 24% - 30% - 10:48
2 - 54% - 30% - 24:34
3 - 19% - 30% - 8:34
4 - 3% - 10% - 1:11
PP Forward
1 - 50% - 50% - 3:29
2 - 50% - 50% - 3:28
PP Defense
1 - 48% - 50% - 3:21
2 - 52% - 50% - 3:36
PK Forward
1 - 53% - 50% - 4:13
2 - 47% - 50% - 3:43
PK Defense
1 - 46% - 50% - 3:37
2 - 54% - 50% - 4:19
PK3 Forward
1 - 0% - 50%
2 - 0% - 50%
PK3 Defense
1 - 0% - 50%
2 - 0% - 50%
44 Forward
1 - 0% - 50%
2 - 0% - 50%
44 Defense
1 - 0% - 50%
2 - 0% - 50%
Last Minute Offensive  - 0:00
Last Minute Defensive  - 0:00
Total
Forward - 60:00
Defense - 60:00

Play by Play

1st period


0:01 of 1st period - Michael Latta wins face-off versus Brandon Pirri in neutral zone.
0:43 of 1st period - Minor Penalty to Xavier Ouellet for Diving.
0:44 of 1st period - Tom Kostopoulos wins face-off versus Travis Morin in Sharks zone.
1:39 of 1st period - J.T. Miller is hit by Patrick McNeill and loses puck.
2:10 of 1st period - Slapshot by Jason Garrison.
2:10 of 1st period - Shot Blocked by David van der Gulik.
2:12 of 1st period - Backhand shot by Jason Garrison.
2:12 of 1st period - Shot Blocked by Mark Barberio.
2:14 of 1st period - Snap shot by Travis Morin.
2:14 of 1st period - Goal by Travis Morin - Sharks : 0 - Ice Hogs : 1.
2:15 of 1st period - Andy Andreoff wins face-off versus Johan Larsson in neutral zone.
2:46 of 1st period - Snap shot by Marek Hrivik.
2:46 of 1st period - Deflect By Andy Andreoff.
2:46 of 1st period - Stopped by Scott Darling without a rebound.
2:46 of 1st period - Zach Redmond beats up Joey Mormina.
2:46 of 1st period - Penalty to Zach Redmond for Fighting.
2:46 of 1st period - Penalty to Joey Mormina for Fighting.
2:47 of 1st period - Derek Roy wins face-off versus Dominik Uher in Ice Hogs zone.
2:47 of 1st period - Derek Roy is hit by Louis Leblanc.
3:01 of 1st period - Slapshot by Mark Barberio.
3:01 of 1st period - Shot Misses the Net.
3:03 of 1st period - Slapshot by Mark Barberio.
3:03 of 1st period - Stopped by Scott Darling with a rebound.
3:05 of 1st period - Snap shot by Louis Leblanc.
3:05 of 1st period - Stopped by Scott Darling without a rebound.
3:06 of 1st period - Dominik Uher wins face-off versus Derek Roy in Ice Hogs zone.
3:09 of 1st period - Wrist shot by Mike Halmo.
3:09 of 1st period - Stopped by Scott Darling with a rebound.
3:46 of 1st period - Off-side.
3:47 of 1st period - Travis Morin wins face-off versus Michael Latta in neutral zone.
4:01 of 1st period - Off-side.
4:02 of 1st period - Andy Andreoff wins face-off versus Brandon Pirri in neutral zone.
4:07 of 1st period - Slapshot by Brendan Mikkelson.
4:07 of 1st period - Shot Blocked by Brandon Gormley.
4:18 of 1st period - Wrist shot by Brandon Pirri.
4:18 of 1st period - Shot Misses the Net.
4:20 of 1st period - Wrist shot by Brandon Pirri.
4:20 of 1st period - Shot Misses the Net.
5:08 of 1st period - Xavier Ouellet is hit by Johan Larsson and loses puck.
5:13 of 1st period - Snap shot by Johan Larsson.
5:13 of 1st period - Shot Misses the Net.
5:15 of 1st period - Slapshot by Jason Garrison.
5:15 of 1st period - Shot Misses the Net.
5:32 of 1st period - Icing by Jason Garrison.
5:33 of 1st period - Dominik Uher wins face-off versus Travis Morin in Ice Hogs zone.
6:25 of 1st period - Michael Latta is hit by Casey Wellman and loses puck.
6:34 of 1st period - Snap shot by Derek Roy.
6:34 of 1st period - Shot Misses the Net.
6:42 of 1st period - Snap shot by Derek Roy.
6:42 of 1st period - Goal by Derek Roy - Sharks : 0 - Ice Hogs : 2.
6:43 of 1st period - Brandon Pirri wins face-off versus Andy Andreoff in neutral zone.
7:32 of 1st period - Louis Leblanc is hit by Roman Horak and loses puck.
7:41 of 1st period - Roman Horak is hit by Patrick McNeill.
7:55 of 1st period - Snap shot by Roman Horak.
7:55 of 1st period - Stopped by Farm Player76 with a rebound.
7:57 of 1st period - Snap shot by Roman Horak.
7:57 of 1st period - Shot Blocked by Patrick McNeill.
8:29 of 1st period - Slapshot by David van der Gulik.
8:29 of 1st period - Stopped by Scott Darling with a rebound.
8:37 of 1st period - Snap shot by David van der Gulik.
8:37 of 1st period - Shot Misses the Net.
8:39 of 1st period - Slapshot by Brendan Mikkelson.
8:39 of 1st period - Stopped by Scott Darling with a rebound.
9:26 of 1st period - Snap shot by Dan DaSilva.
9:26 of 1st period - Goal by Dan DaSilva - Sharks : 0 - Ice Hogs : 3.
9:27 of 1st period - Brandon Pirri wins face-off versus Louis Leblanc in neutral zone.
10:47 of 1st period - Andy Andreoff is hit by Johan Larsson.
11:03 of 1st period - Wade Brookbank is hit by Derek Roy and loses puck.
11:18 of 1st period - Slapshot by Dustin Jeffrey.
11:18 of 1st period - Shot Misses the Net.
11:20 of 1st period - Backhand shot by Jean-Philippe Cote.
11:20 of 1st period - Shot Blocked by Andy Andreoff.
11:22 of 1st period - Wrist shot by Casey Wellman.
11:22 of 1st period - Shot Misses the Net.
11:34 of 1st period - Wade Brookbank is hit by Jean-Philippe Cote.
11:54 of 1st period - Snap shot by Jason Garrison.
11:54 of 1st period - Deflect By Travis Morin.
11:54 of 1st period - Shot Misses the Net.
11:54 of 1st period - Puck is out of play.
11:55 of 1st period - Michael Latta wins face-off versus Peter LeBlanc in Sharks zone.
12:05 of 1st period - Minor Penalty to Travis Morin for Tripping.
12:06 of 1st period - Johan Larsson wins face-off versus Dominik Uher in Ice Hogs zone.
12:06 of 1st period - Johan Larsson is hit by Mike Halmo.
13:09 of 1st period - Slapshot by Mark Barberio.
13:09 of 1st period - Deflect By Jason Garrison.
13:09 of 1st period - Stopped by Scott Darling without a rebound.
13:10 of 1st period - Johan Larsson wins face-off versus Michael Latta in Ice Hogs zone.
13:10 of 1st period - Johan Larsson is hit by David van der Gulik.
13:20 of 1st period - Slapshot by Mark Barberio.
13:20 of 1st period - Shot Misses the Net.
13:22 of 1st period - Snap shot by David van der Gulik.
13:22 of 1st period - Shot Misses the Net.
13:24 of 1st period - Slapshot by Patrick McNeill.
13:24 of 1st period - Shot Misses the Net.
14:05 of 1st period - Penalty to Travis Morin is over, Travis Morin is back on ice.
14:06 of 1st period - Michael Latta is hit by Dylan Olsen.
15:04 of 1st period - Major / Game Misconduct Penalty to Farm Player14 for Attempt to injure.
15:04 of 1st period - Farm Player14 is ejected from game.
15:05 of 1st period - Casey Wellman wins face-off versus Tom Kostopoulos in Sharks zone.
15:15 of 1st period - Slapshot by Travis Morin.
15:15 of 1st period - Stopped by Farm Player76 with a rebound.
15:53 of 1st period - Tom Kostopoulos is hit by Tanner Pearson and loses puck.
16:06 of 1st period - Snap shot by Brandon Pirri.
16:06 of 1st period - Goal by Brandon Pirri - Sharks : 0 - Ice Hogs : 4.
16:06 of 1st period - Farm Player95 enters game.
16:07 of 1st period - Tom Kostopoulos wins face-off versus Brandon Pirri in neutral zone.
17:03 of 1st period - Patrick McNeill is hit by Derek Roy and loses puck.
17:12 of 1st period - Snap shot by Derek Roy.
17:12 of 1st period - Goal by Derek Roy - Sharks : 0 - Ice Hogs : 5.
17:13 of 1st period - Travis Morin wins face-off versus Tom Kostopoulos in neutral zone.
17:33 of 1st period - Icing by Jason Garrison.
17:34 of 1st period - Travis Morin wins face-off versus Tom Kostopoulos in Ice Hogs zone.
17:39 of 1st period - Tom Kostopoulos is hit by Travis Morin and loses puck.
17:50 of 1st period - Snap shot by Derek Roy.
17:50 of 1st period - Goal by Derek Roy - Sharks : 0 - Ice Hogs : 6.
17:51 of 1st period - Brandon Pirri wins face-off versus Tom Kostopoulos in neutral zone.
18:08 of 1st period - Snap shot by Tanner Pearson.
18:08 of 1st period - Shot Blocked by Brendan Mikkelson.
18:10 of 1st period - Backhand shot by Tanner Pearson.
18:10 of 1st period - Goal by Tanner Pearson - Sharks : 0 - Ice Hogs : 7.
18:11 of 1st period - Brandon Pirri wins face-off versus David van der Gulik in neutral zone.
18:14 of 1st period - Slapshot by Jason Garrison.
18:14 of 1st period - Shot Blocked by Xavier Ouellet.
19:02 of 1st period - Brendan Mikkelson is hit by Casey Wellman and loses puck.
19:42 of 1st period - Off-side.
19:43 of 1st period - Ryan Hamilton wins face-off versus Brandon Pirri in neutral zone.
Goals for this period are 0 for Sharks vs 7 for Ice Hogs.
Shots for this period are 7 for Sharks vs 9 for Ice Hogs.

2nd period


0:01 of 2nd period - Tanner Pearson wins face-off versus Tom Kostopoulos in neutral zone.
0:04 of 2nd period - Penalty to Farm Player14 is over, Ryan Hamilton is send on ice.
0:57 of 2nd period - Slapshot by Jason Garrison.
0:57 of 2nd period - Shot Blocked by Dominik Uher.
1:17 of 2nd period - Slapshot by Jason Garrison.
1:17 of 2nd period - Shot Misses the Net.
1:23 of 2nd period - Seth Griffith is hit by Mike Halmo and loses puck.
1:42 of 2nd period - Snap shot by Mark Barberio.
1:42 of 2nd period - Deflect By Marek Hrivik.
1:42 of 2nd period - Shot Misses the Net.
1:42 of 2nd period - Puck is out of play.
1:43 of 2nd period - Travis Morin wins face-off versus Andy Andreoff in Ice Hogs zone.
1:58 of 2nd period - Icing by Peter LeBlanc.
1:59 of 2nd period - Travis Morin wins face-off versus Michael Latta in Ice Hogs zone.
2:06 of 2nd period - David van der Gulik is hit by Dan DaSilva and loses puck.
2:15 of 2nd period - Slapshot by David van der Gulik.
2:15 of 2nd period - Stopped by Scott Darling without a rebound.
2:16 of 2nd period - Brandon Pirri wins face-off versus Michael Latta in Ice Hogs zone.
2:35 of 2nd period - Michael Latta is hit by J.T. Miller and loses puck.
2:41 of 2nd period - Icing by David van der Gulik.
2:42 of 2nd period - Derek Roy wins face-off versus Michael Latta in Sharks zone.
3:24 of 2nd period - Wrist shot by Mike Halmo.
3:24 of 2nd period - Shot Misses the Net.
3:26 of 2nd period - Snap shot by Mark Barberio.
3:26 of 2nd period - Goal by Mark Barberio - Sharks : 1 - Ice Hogs : 7.
3:27 of 2nd period - Brandon Pirri wins face-off versus Dominik Uher in neutral zone.
3:51 of 2nd period - Snap shot by J.T. Miller.
3:51 of 2nd period - Goal by J.T. Miller - Sharks : 1 - Ice Hogs : 8.
3:51 of 2nd period - Farm Player76 enters game.
3:52 of 2nd period - Johan Larsson wins face-off versus Ryan Hamilton in neutral zone.
3:55 of 2nd period - Snap shot by Jason Garrison.
3:55 of 2nd period - Shot Blocked by Ryan Hamilton.
4:03 of 2nd period - Slapshot by Mark Barberio.
4:03 of 2nd period - Deflect By Tom Kostopoulos.
4:03 of 2nd period - Shot Misses the Net.
4:03 of 2nd period - Puck is out of play.
4:04 of 2nd period - John Kurtz wins face-off versus Johan Larsson in Ice Hogs zone.
4:05 of 2nd period - Slapshot by Mark Barberio.
4:05 of 2nd period - Shot Blocked by Johan Larsson.
4:21 of 2nd period - Slapshot by Mark Barberio.
4:21 of 2nd period - Stopped by Scott Darling with a rebound.
4:28 of 2nd period - Icing by Chay Genoway.
4:29 of 2nd period - Dominik Uher wins face-off versus Seth Griffith in Ice Hogs zone.
4:32 of 2nd period - Slapshot by Brendan Mikkelson.
4:32 of 2nd period - Stopped by Scott Darling with a rebound.
4:34 of 2nd period - Snap shot by Mike Halmo.
4:34 of 2nd period - Shot Blocked by Roman Horak.
4:36 of 2nd period - Backhand shot by Louis Leblanc.
4:36 of 2nd period - Stopped by Scott Darling without a rebound.
4:37 of 2nd period - Dominik Uher wins face-off versus Brandon Pirri in Ice Hogs zone.
5:13 of 2nd period - Off-side.
5:14 of 2nd period - Travis Morin wins face-off versus Michael Latta in neutral zone.
5:20 of 2nd period - Travis Morin and Michael Latta fight to a draw.
5:20 of 2nd period - Penalty to Travis Morin for Fighting.
5:20 of 2nd period - Penalty to Michael Latta for Fighting.
5:21 of 2nd period - Derek Roy wins face-off versus Marek Hrivik in Sharks zone.
5:32 of 2nd period - Wrist shot by Derek Roy.
5:32 of 2nd period - Shot Blocked by Mark Barberio.
6:08 of 2nd period - Slapshot by Mark Barberio.
6:08 of 2nd period - Shot Misses the Net.
6:15 of 2nd period - Slapshot by Dominik Uher.
6:15 of 2nd period - Deflect By Louis Leblanc.
6:15 of 2nd period - Shot Misses the Net.
6:15 of 2nd period - Puck is out of play.
6:16 of 2nd period - Brandon Pirri wins face-off versus Dominik Uher in Ice Hogs zone.
6:44 of 2nd period - Snap shot by Brandon Pirri.
6:44 of 2nd period - Goal by Brandon Pirri - Sharks : 1 - Ice Hogs : 9.
6:45 of 2nd period - Marek Hrivik wins face-off versus Brandon Pirri in neutral zone.
7:46 of 2nd period - Slapshot by Mark Barberio.
7:46 of 2nd period - Stopped by Scott Darling with a rebound.
7:48 of 2nd period - Slapshot by Mark Barberio.
7:48 of 2nd period - Stopped by Scott Darling with a rebound.
7:50 of 2nd period - Slapshot by Mark Barberio.
7:50 of 2nd period - Deflect By Mike Halmo.
7:50 of 2nd period - Shot Blocked by Roman Horak.
7:50 of 2nd period - Puck is out of play.
7:51 of 2nd period - Derek Roy wins face-off versus Andy Andreoff in Ice Hogs zone.
8:08 of 2nd period - Snap shot by Casey Wellman.
8:08 of 2nd period - Shot Misses the Net.
8:10 of 2nd period - Slapshot by Derek Roy.
8:10 of 2nd period - Shot Misses the Net.
9:00 of 2nd period - Slapshot by Johan Larsson.
9:00 of 2nd period - Shot Misses the Net.
9:02 of 2nd period - Snap shot by Johan Larsson.
9:02 of 2nd period - Shot Misses the Net.
9:04 of 2nd period - Snap shot by Seth Griffith.
9:04 of 2nd period - Shot Blocked by Joey Mormina.
9:44 of 2nd period - Slapshot by Brendan Mikkelson.
9:44 of 2nd period - Shot Blocked by Zach Redmond.
9:52 of 2nd period - John Kurtz is hit by Brandon Gormley and loses puck.
10:40 of 2nd period - Slapshot by Jason Garrison.
10:40 of 2nd period - Deflect By Dustin Jeffrey.
10:40 of 2nd period - Stopped by Farm Player76 with a rebound.
11:15 of 2nd period - Minor Penalty to Seth Griffith for Holding.
11:16 of 2nd period - Michael Latta wins face-off versus Travis Morin in Ice Hogs zone.
11:31 of 2nd period - Michael Latta is hit by Dylan Olsen and loses puck.
12:10 of 2nd period - Jason Garrison is hit by Brendan Mikkelson and loses puck.
12:17 of 2nd period - Snap shot by Mike Halmo.
12:17 of 2nd period - Shot Misses the Net.
12:35 of 2nd period - Slapshot by Mark Barberio.
12:35 of 2nd period - Deflect By Dominik Uher.
12:35 of 2nd period - Shot Misses the Net.
12:35 of 2nd period - Puck is out of play.
12:36 of 2nd period - Dominik Uher wins face-off versus Johan Larsson in Ice Hogs zone.
12:57 of 2nd period - Snap shot by Michael Latta.
12:57 of 2nd period - Shot Blocked by Dylan Olsen.
12:59 of 2nd period - Slapshot by David van der Gulik.
12:59 of 2nd period - Shot Misses the Net.
13:15 of 2nd period - Penalty to Seth Griffith is over, Seth Griffith is back on ice.
13:56 of 2nd period - Wrist shot by Brandon Pirri.
13:56 of 2nd period - Shot Blocked by John Kurtz.
13:58 of 2nd period - Slapshot by Zach Redmond.
13:58 of 2nd period - Shot Misses the Net.
14:04 of 2nd period - Slapshot by Brandon Pirri.
14:04 of 2nd period - Shot Misses the Net.
14:06 of 2nd period - Wrist shot by Brandon Pirri.
14:06 of 2nd period - Goal by Brandon Pirri - Sharks : 1 - Ice Hogs : 10.
14:07 of 2nd period - Travis Morin wins face-off versus Andy Andreoff in neutral zone.
14:09 of 2nd period - Dan DaSilva beats up Ryan Hamilton.
14:09 of 2nd period - Penalty to Dan DaSilva for Fighting.
14:09 of 2nd period - Penalty to Ryan Hamilton for Fighting.
14:10 of 2nd period - Brandon Pirri wins face-off versus Louis Leblanc in Sharks zone.
14:29 of 2nd period - Snap shot by Brandon Pirri.
14:29 of 2nd period - Goal by Brandon Pirri - Sharks : 1 - Ice Hogs : 11.
14:30 of 2nd period - Brandon Pirri wins face-off versus Andy Andreoff in neutral zone.
14:32 of 2nd period - Minor Penalty to Andy Andreoff for Holding.
14:33 of 2nd period - J.T. Miller wins face-off versus Tom Kostopoulos in Sharks zone.
14:39 of 2nd period - Slapshot by J.T. Miller.
14:39 of 2nd period - Deflect By Tom Kostopoulos.
14:39 of 2nd period - Shot Blocked by Michael Latta.
14:39 of 2nd period - Puck is out of play.
14:40 of 2nd period - Brandon Pirri wins face-off versus Tom Kostopoulos in Sharks zone.
14:59 of 2nd period - Slapshot by J.T. Miller.
14:59 of 2nd period - Goal by J.T. Miller - Sharks : 1 - Ice Hogs : 12.
15:00 of 2nd period - Dominik Uher wins face-off versus Brandon Pirri in neutral zone.
15:11 of 2nd period - Snap shot by Mike Halmo.
15:11 of 2nd period - Stopped by Scott Darling with a rebound.
15:30 of 2nd period - Brandon Pirri is hit by Mike Halmo and loses puck.
15:51 of 2nd period - Wrist shot by Jason Garrison.
15:51 of 2nd period - Stopped by Farm Player76 with a rebound.
15:57 of 2nd period - Jason Garrison is hit by Michael Latta and loses puck.
16:54 of 2nd period - Louis Leblanc is hit by Brandon Pirri and loses puck.
17:40 of 2nd period - Snap shot by Louis Leblanc.
17:40 of 2nd period - Stopped by Scott Darling with a rebound.
18:03 of 2nd period - Xavier Ouellet is hit by Derek Roy.
18:32 of 2nd period - Louis Leblanc is hit by Peter LeBlanc.
18:40 of 2nd period - Slapshot by Dylan Olsen.
18:40 of 2nd period - Shot Misses the Net.
18:52 of 2nd period - Slapshot by Mark Barberio.
18:52 of 2nd period - Shot Blocked by Dylan Olsen.
19:02 of 2nd period - Dylan Olsen is hit by Patrick McNeill and loses puck.
19:09 of 2nd period - Wrist shot by Jean-Philippe Cote.
19:09 of 2nd period - Shot Misses the Net.
19:30 of 2nd period - Minor Penalty to Brandon Gormley for Roughing.
19:31 of 2nd period - Roman Horak wins face-off versus Dominik Uher in Ice Hogs zone.
Goals for this period are 1 for Sharks vs 5 for Ice Hogs.
Shots for this period are 9 for Sharks vs 7 for Ice Hogs.

3rd period


0:01 of 3rd period - Michael Latta wins face-off versus Travis Morin in neutral zone.
0:18 of 3rd period - Tom Kostopoulos is hit by Roman Horak and loses puck.
0:37 of 3rd period - Slapshot by Jason Garrison.
0:37 of 3rd period - Shot Misses the Net.
0:56 of 3rd period - Slapshot by Travis Morin.
0:56 of 3rd period - Shot Blocked by Brendan Mikkelson.
0:58 of 3rd period - Wrist shot by Dylan Olsen.
0:58 of 3rd period - Stopped by Farm Player76 with a rebound.
1:00 of 3rd period - Slapshot by Dylan Olsen.
1:00 of 3rd period - Shot Blocked by Michael Latta.
1:02 of 3rd period - Slapshot by Jean-Philippe Cote.
1:02 of 3rd period - Shot Blocked by Brendan Mikkelson.
1:04 of 3rd period - Slapshot by Dylan Olsen.
1:04 of 3rd period - Deflect By Brendan Mikkelson.
1:04 of 3rd period - Stopped by Farm Player76 with a rebound.
1:06 of 3rd period - Slapshot by Dylan Olsen.
1:06 of 3rd period - Stopped by Farm Player76 with a rebound.
1:08 of 3rd period - Wrist shot by Seth Griffith.
1:08 of 3rd period - Deflect By Travis Morin.
1:08 of 3rd period - Shot Misses the Net.
1:08 of 3rd period - Puck is out of play.
1:09 of 3rd period - Dominik Uher wins face-off versus Johan Larsson in Sharks zone.
1:20 of 3rd period - Snap shot by Mark Barberio.
1:20 of 3rd period - Stopped by Scott Darling with a rebound.
1:22 of 3rd period - Snap shot by Dominik Uher.
1:22 of 3rd period - Shot Blocked by Jean-Philippe Cote.
1:22 of 3rd period - Jean-Philippe Cote from Ice Hogs is injured at 1:22 of 3rd period (Sprained Right Ankle).
1:23 of 3rd period - Travis Morin wins face-off versus Michael Latta in Ice Hogs zone.
1:30 of 3rd period - Penalty to Brandon Gormley is over, Brandon Gormley is back on ice.
1:42 of 3rd period - Snap shot by Michael Latta.
1:42 of 3rd period - Stopped by Scott Darling with a rebound.
1:44 of 3rd period - Wrist shot by Tom Kostopoulos.
1:44 of 3rd period - Stopped by Scott Darling with a rebound.
1:46 of 3rd period - Slapshot by Xavier Ouellet.
1:46 of 3rd period - Shot Blocked by Jason Garrison.
1:48 of 3rd period - Wrist shot by Michael Latta.
1:48 of 3rd period - Shot Misses the Net.
1:54 of 3rd period - Snap shot by Michael Latta.
1:54 of 3rd period - Shot Misses the Net.
2:16 of 3rd period - Minor Penalty to Chay Genoway for Hooking.
2:17 of 3rd period - Dominik Uher wins face-off versus Johan Larsson in Ice Hogs zone.
2:28 of 3rd period - Dylan Olsen is hit by Mike Halmo and loses puck.
2:29 of 3rd period - Dylan Olsen from Ice Hogs is injured at 2:29 of 3rd period (Sprained Right Knee).
2:30 of 3rd period - Travis Morin wins face-off versus Michael Latta in Ice Hogs zone.
3:01 of 3rd period - Roman Horak is hit by Michael Latta and loses puck.
3:40 of 3rd period - Slapshot by Mark Barberio.
3:40 of 3rd period - Stopped by Scott Darling with a rebound.
3:42 of 3rd period - Slapshot by Mark Barberio.
3:42 of 3rd period - Stopped by Scott Darling with a rebound.
3:44 of 3rd period - Snap shot by Dominik Uher.
3:44 of 3rd period - Shot Misses the Net.
4:16 of 3rd period - Penalty to Chay Genoway is over, Chay Genoway is back on ice.
4:56 of 3rd period - Off-side.
4:57 of 3rd period - Brandon Pirri wins face-off versus Andy Andreoff in neutral zone.
5:28 of 3rd period - Patrick McNeill is hit by J.T. Miller and loses puck.
5:59 of 3rd period - Peter LeBlanc is hit by Michael Latta.
6:54 of 3rd period - Snap shot by Derek Roy.
6:54 of 3rd period - Stopped by Farm Player76 with a rebound.
6:56 of 3rd period - Snap shot by Casey Wellman.
6:56 of 3rd period - Stopped by Farm Player76 with a rebound.
6:58 of 3rd period - Slapshot by Dustin Jeffrey.
6:58 of 3rd period - Stopped by Farm Player76 with a rebound.
7:00 of 3rd period - Slapshot by Dustin Jeffrey.
7:00 of 3rd period - Stopped by Farm Player76 with a rebound.
7:02 of 3rd period - Slapshot by Brandon Gormley.
7:02 of 3rd period - Shot Blocked by Joey Mormina.
7:26 of 3rd period - Zach Redmond is hit by Andy Andreoff and loses puck.
7:39 of 3rd period - Brendan Mikkelson is hit by Brandon Gormley and loses puck.
8:05 of 3rd period - Louis Leblanc is hit by Brandon Pirri.
8:29 of 3rd period - Slapshot by Brandon Pirri.
8:29 of 3rd period - Shot Misses the Net.
9:11 of 3rd period - Peter LeBlanc is hit by Andy Andreoff and loses puck.
9:38 of 3rd period - Tanner Pearson is hit by Xavier Ouellet and loses puck.
10:03 of 3rd period - Brandon Pirri is hit by Louis Leblanc and loses puck.
10:27 of 3rd period - Snap shot by John Kurtz.
10:27 of 3rd period - Stopped by Scott Darling with a rebound.
11:20 of 3rd period - Slapshot by Dustin Jeffrey.
11:20 of 3rd period - Stopped by Farm Player76 with a rebound.
12:15 of 3rd period - Slapshot by Derek Roy.
12:15 of 3rd period - Shot Blocked by Brendan Mikkelson.
12:17 of 3rd period - Slapshot by Derek Roy.
12:17 of 3rd period - Shot Blocked by Michael Latta.
12:19 of 3rd period - Snap shot by Johan Larsson.
12:19 of 3rd period - Stopped by Farm Player76 with a rebound.
12:41 of 3rd period - Snap shot by J.T. Miller.
12:41 of 3rd period - Shot Misses the Net.
12:59 of 3rd period - Johan Larsson is hit by Michael Latta and loses puck.
13:12 of 3rd period - Snap shot by Michael Latta.
13:12 of 3rd period - Shot Misses the Net.
13:48 of 3rd period - Icing by Michael Latta.
13:49 of 3rd period - Michael Latta wins face-off versus J.T. Miller in Sharks zone.
14:15 of 3rd period - Off-side.
14:16 of 3rd period - Roman Horak wins face-off versus Andy Andreoff in neutral zone.
14:19 of 3rd period - Wrist shot by Roman Horak.
14:19 of 3rd period - Stopped by Farm Player76 with a rebound.
16:49 of 3rd period - Snap shot by Roman Horak.
16:49 of 3rd period - Stopped by Farm Player76 with a rebound.
16:51 of 3rd period - Snap shot by Johan Larsson.
16:51 of 3rd period - Shot Misses the Net.
17:03 of 3rd period - Snap shot by Casey Wellman.
17:03 of 3rd period - Deflect By Roman Horak.
17:03 of 3rd period - Shot Blocked by Mike Halmo.
17:03 of 3rd period - Puck is out of play.
17:04 of 3rd period - Andy Andreoff wins face-off versus Dustin Jeffrey in Sharks zone.
17:04 of 3rd period - Andy Andreoff is hit by Roman Horak.
18:02 of 3rd period - Mark Barberio is hit by Tanner Pearson and loses puck.
18:12 of 3rd period - Icing by Ryan Hamilton.
18:13 of 3rd period - Johan Larsson wins face-off versus Michael Latta in Sharks zone.
18:24 of 3rd period - Wrist shot by Roman Horak.
18:24 of 3rd period - Deflect By Seth Griffith.
18:24 of 3rd period - Shot Blocked by Michael Latta.
18:24 of 3rd period - Puck is out of play.
18:25 of 3rd period - Johan Larsson wins face-off versus Michael Latta in Sharks zone.
18:50 of 3rd period - Jason Garrison is hit by Marek Hrivik and loses puck.
18:57 of 3rd period - Wrist shot by David van der Gulik.
18:57 of 3rd period - Shot Blocked by Travis Morin.
19:15 of 3rd period - Snap shot by J.T. Miller.
19:15 of 3rd period - Shot Misses the Net.
19:56 of 3rd period - Jason Garrison is hit by John Kurtz and loses puck.
Goals for this period are 0 for Sharks vs 0 for Ice Hogs.
Shots for this period are 6 for Sharks vs 11 for Ice Hogs.


Output by the SimonT Hockey Simulator (STHS) for Eric Dolegowski -- Original Page W3C XHTML 1.0 Valid
Hockey Simulator - Hockey Simulation - Hockey Manager